 Dungeon Crawl Stone Soup version 0.31-a0-182-gc5ef74bbde (webtiles) character file.

Game seed: 6278745583067864080

153 lunkers the Cudgeller (level 5, -4/45 HPs)
             Began as a Meteoran Fighter on June 21, 2023.
             Killed by nerve-wracking pain
             ... invoked by an orc priest
              (14 damage)
             ... on level 3 of the Dungeon.
             The game lasted 00:01:52 (690 turns).

lunkers the Cudgeller (Meteoran Fighter)             Turns: 690, Time: 00:01:53

Health: -4/45      AC:  8    Str: 25    XL:     5   Next: 93%
Magic:  6/6        EV:  9    Int:  9    God:
Gold:   63         SH:  5    Dex: 14    Spells: 4/4 levels left

rFire   . . .        a - +0 flail
rCold   . . .        c - +0 buckler
rNeg    . . .        b - +0 scale mail
rPois   .            (no helmet)
rElec   .            (no cloak)
rCorr   .            f - +0 pair of gloves
SInv    .            (no boots)
Will    .....        (no amulet) Stlth
                     i - +6 ring of strength
HPRegen 0.27/turn    (no ring)
MPRegen 0.10/turn

%: no passive effects
@: glowing
A: sense surroundings 1, otherworldly, glowing, explore regen
a: no special abilities


You were on level 3 of the Dungeon.
You visited 1 branch of the dungeon, and saw 3 of its levels.

You collected 63 gold pieces.

Inventory:

Hand Weapons
 a - a +0 flail (weapon)
Armour
 b - a +0 scale mail (worn)
 c - a +0 buckler (worn)
 f - a +0 pair of gloves (worn)
Jewellery
 i - a +6 ring of strength (left hand)
Scrolls
 e - 4 scrolls of identify {unknown}
 g - a scroll of poison {unknown}
 h - 2 scrolls of fear {unknown}
 j - a scroll of silence {unknown}
Potions
 d - a potion of might


   Skills:
 - Level 3.2 Fighting
 + Level 7.1 Maces & Flails
 - Level 3.6 Armour
 - Level 3.6 Shields


You had 4 spell levels left.
You didn't know any spells.
Your spell library contained the following spells:

 Spells                   Type           Power      Damage    Failure   Level
 Necrotise                Necr           0%         1d4       75%         1
 Momentum Strike          Conj/Tloc      0%         3d8       86%         2
 Volatile Blastmotes      Fire/Tloc      0%         2d10      98%         3
 Iskenderun's Battlesphe  Conj           0%         2d6       100%        5
 Death Channel            Necr           0%         N/A       100%        6
 Leda's Unmaking          Conj/Erth      0%         9d1       100%        6
 Spellforged Servitor     Conj/Summ      0%         N/A       100%        7


Dungeon Overview and Level Annotations

Branches:
Dungeon (3/15) Zot: 1093

Altars:


Innate Abilities, Weirdness & Mutations

You passively map a small area around you.
You are easily found by Zot.
You glow in the dark.
You regain HP and MP as you explore.


Message History

The orc priest invokes the aid of Beogh against you.
Beogh smites you!
* * * LOW HITPOINT WARNING * * *
You hit the orc priest.
The orc priest is moderately wounded.
The orc priest barely misses you.
You sock the orc priest!
The orc priest is almost dead.
The orc priest hits you but does no damage.
You hit the orc priest but do no damage.
The orc priest is almost dead.
The orc priest hits you with a +0 war axe!
* * * LOW HITPOINT WARNING * * *
You hit the orc priest.
You kill the orc priest!
Your Maces & Flails skill increases to level 7!
You hit the orc.
The orc is lightly wounded.
The orc closely misses you.
You barely miss the orc.
The orc is lightly wounded.
The orc priest hits you from afar with a +0 trident.
* * * LOW HITPOINT WARNING * * *
You block the orc's attack. The orc hits you but does no damage.
You block the orc priest's attack.
You sock the orc!
You kill the orc!
The worm completely misses you. You block the orc priest's attack.
The orc priest hits you with a +0 trident!
* * * LOW HITPOINT WARNING * * *
Items here: )) [ †.
You closely miss the orc priest. The orc priest closely misses you.
You hit the orc priest but do no damage.
You block the worm's attack.
The orc priest hits you but does no damage.
You hit the orc priest.
The orc priest is lightly wounded.
The orc priest calls down the wrath of Beogh upon you.
Pain shoots through your body!
You die...

* , * , ,
,, * ** *
*,*
#####.#..
#<......w,
#.##..###
#w#* # #@#
* , #o# ,,
* #.#* , *
* #.#* ,
#.# #..
#.# *, #..
*


You could see a worm and an orc priest.

Vanquished Creatures
  An orc priest (D:3)
  Natasha (thrice) (D:2)
  2 adders (D:2)
  A dart slug (D:1)
  An orc (D:3)
  4 bats
  3 endoplasms (D:1)
  2 giant cockroaches (D:1)
  2 goblins (D:1)
  6 hobgoblins
  2 ball pythons
  A frilled lizard (D:2)
  3 rats (D:1)
31 creatures vanquished.

Notes
Turn   | Place    | Note
-------+----------+-------------------------------------------
     0 | D:1      | lunkers the Meteoran Fighter began the quest for the Orb.
     0 | D:1      | Reached XP level 1. HP: 19/19 MP: 2/2
    45 | D:1      | Reached skill level 3 in Maces & Flails
    54 | D:1      | Reached XP level 2. HP: 26/26 MP: 3/3
    91 | D:1      | Reached skill level 4 in Maces & Flails
   159 | D:1      | Reached XP level 3. HP: 31/31 MP: 4/4
   441 | D:2      | Noticed Natasha
   451 | D:2      | Reached skill level 5 in Maces & Flails
   451 | D:2      | Reached XP level 4. HP: 23/38 MP: 5/5
   452 | D:2      | Killed Natasha
   481 | D:2      | Noticed Natasha
   492 | D:2      | Killed Natasha
   493 | D:2      | Reached skill level 6 in Maces & Flails
   493 | D:2      | Reached XP level 5. HP: 33/45 MP: 6/6
   604 | D:2      | Noticed Natasha
   610 | D:2      | Killed Natasha
   614 | D:2      | Got Sif Muna's Handbook of Geometric Wicked Rituals
   684 | D:3      | Reached skill level 7 in Maces & Flails
   690 | D:3      | Killed from afar by an orc priest

Illustrated notes

Levels and vault maps discovered:
D:1:      elethiomel_arrival_shortcut, layout_loops_ring, serial_shops, shop,
          minivault_19
D:2:      layout_rooms, uniq_natasha
D:3:      layout_loops_ring, mainiacjoe_overflow_surrounded_room,
          corexii_leaking_fountain

Skill      XL: |  1  2  3  4  5 |
---------------+----------------+-----
Maces & Flails | 3 4 5 6 7 |  7.1
Fighting       | |  3.2
Armour         | |  3.6
Shields        | |  3.6

Action                     |  1- 3 |  4- 6 || total
---------------------------+-------+-------++-------
  Melee: Flail             |    52 |    34 ||    86
 Armour: Scale mail        |    36 |     8 ||    44
  Dodge: Dodged            |    18 |    12 ||    30
  Block: Buckler           |    14 |     7 ||    21

Table legend: (Time is in decaauts)
 A = Elapsed time spent in this place.
 B = Non-inter-level travel time spent in this place.
 C = Inter-level travel time spent in this place.
 D = Time resting spent in this place.
 E = Time spent auto-exploring this place.
 F = Levels seen in this place.
 G = Mean time per level.
                   A        B        C        D        E       F      G
               +--------+--------+--------+--------+--------+-----+--------+
         Total |    705 |    660 |     45 |      0 |    433 |   3 |  235.0 |
       Dungeon |    705 |    660 |     45 |      0 |    433 |   3 |  235.0 |
               +--------+--------+--------+--------+--------+-----+--------+

Top non-repeatable levels by time:
     D:2: 377 daAuts
     D:1: 310 daAuts
     D:3: 18 daAuts
